 Dungeon Crawl Stone Soup version 0.20.1-1-g8b1a95d (webtiles) character file.

453 Draznyth the Chopper (level 6, -3/56 HPs)
             Began as a Minotaur Berserker on Dec 6, 2017.
             Was a Believer of Trog.
             Slain by an ogre
             ... wielding a +0 giant club
              (27 damage)
             ... on level 3 of the Dungeon.
             The game lasted 00:06:48 (3339 turns).

Draznyth the Chopper (Minotaur Berserker)           Turns: 3339, Time: 00:06:49

Health: -3/56      AC:  3    Str: 23    XL:     6   Next: 75%
Magic:  5/5        EV: 12    Int:  4    God:    Trog [**....]
Gold:   187        SH:  0    Dex: 10    Spells: 5/5 levels left

rFire    . . .     SeeInvis .   a - +0 hand axe
rCold    . . .     Gourm    .   (no shield)
rNeg     . . .     Faith    .   b - +0 animal skin
rPois    .         Spirit   .   (helmet restricted)
rElec    .         Reflect  .   (no cloak)
rCorr    .         Harm     .   d - +0 pair of gloves
MR       .....                  (no boots)
Stlth    ++........             (no amulet)
Regen    0.2/turn               g - ring of stealth
MPRegen  0.1/turn               (no ring)

@: no status effects
A: retaliatory headbutt, horns 2
a: Berserk, Trog's Hand, Burn Spellbooks, Renounce Religion


You were on level 3 of the Dungeon.
You worshipped Trog.
Trog was pleased with you.
You were not hungry.

You visited 1 branch of the dungeon, and saw 3 of its levels.

You collected 187 gold pieces.

Inventory:

Hand Weapons
 a - a +0 hand axe (weapon)
Armour
 b - a +0 animal skin (worn)
 d - a +0 pair of gloves (worn)
 j - a cursed +0 pair of gloves
 m - a +0 ring mail
Jewellery
 g - a ring of stealth (left hand)
 v - a +5 amulet of reflection {unknown}
Scrolls
 f - a scroll of blinking {unknown}
 h - a scroll of fog {unknown}
 i - 3 scrolls of remove curse {unknown}
 k - a scroll of noise {unknown}
 n - a scroll of recharging {unknown}
 p - 2 scrolls of identify {unknown}
 y - a scroll of magic mapping {unknown}
 z - a scroll of amnesia {unknown}
Potions
 e - 3 potions of haste {unknown}
 q - 3 potions of resistance {unknown}
 s - a potion of mutation {unknown}
 t - a potion of brilliance {unknown}
 u - 3 potions of flight {unknown}
 w - a potion of lignification {unknown}
 B - 2 potions of heal wounds {unknown}
Miscellaneous
 o - a phantom mirror
 x - a sack of spiders
Comestibles
 c - 5 bread rations
 l - 6 meat rations
 r - a royal jelly
 A - 2 chunks of flesh


   Skills:
 + Level 5.5 Fighting
 * Level 6.8 Axes
 + Level 5.2 Armour
 - Level 2.1 Dodging


You had 5 spell levels left.
You didn't know any spells.

Dungeon Overview and Level Annotations

Branches:
Dungeon (3/15)

Altars:
Ashenzari
Cheibriados
Kikubaaqudgha
Qazlal
Yredelemnul


Innate Abilities, Weirdness & Mutations

You reflexively headbutt those who attack you in melee.
You have a pair of horns on your head.


Message History

You hit the orc.
You kill the orc!
Trog accepts your kill.
B - 2 sapphire potions
Things that are here:
a short sword; a scale mail There isn't anything to butcher here.
An ogre comes into view. It is wielding a giant club.
You hit the ogre. You headbutt the ogre.
The ogre is moderately wounded.
The ogre hits you with a giant club!!
Ouch! That really hurt!
A goblin comes into view. It is wielding a club.
The goblin shouts!
You hit the ogre but do no damage.
The ogre is moderately wounded.
You hit the ogre. You headbutt the ogre.
The ogre is severely wounded.
The ogre hits you with a giant club!!
You die...

. #......##.# ..#.
#.#######.#
.........#.# #.#
#####....#.# #.#
....#....#.#######.#
....#....#.......#.#
##..#.......####.#.#
8#..#.......# #.#.#
....#.......# #@#.#
....#©..##### #O#.#
....#........ #.#.#
8#..#........ #.#.#
##..#........ #.#.#
....#........ #.#.#
...©#........ #g#.#
#####........ #.#.#
............. #.#


You could see an ogre and a goblin.

Vanquished Creatures
  A hungry ghost (D:3)
  Menkaure (D:3)
  The ghost of Bai the Chiller, a weakling MfIE (D:3)
  A worker ant zombie (D:3)
  4 adders
  3 gnolls (D:3)
  A howler monkey skeleton (D:3)
  A shadow imp (D:3)
  2 oozes
  An adder zombie (D:3)
  2 dart slugs
  2 leopard geckos (D:1)
  3 orcs (D:3)
  4 bats
  3 giant cockroaches
  6 goblins
  5 hobgoblins
  6 jackals
  2 kobolds
  2 quokkas
  3 frilled lizards
  6 rats
60 creatures vanquished.

Notes
Turn   | Place    | Note
-------+----------+-------------------------------------------
     0 | D:1      | Draznyth the Minotaur Berserker began the quest for the Orb.
     0 | D:1      | Reached XP level 1. HP: 19/19 MP: 0/0
   193 | D:1      | Found a shattered altar of Ashenzari.
   456 | D:1      | Reached XP level 2. HP: 27/27 MP: 1/1
  1011 | D:2      | Reached skill level 4 in Axes
  1096 | D:2      | Reached XP level 3. HP: 28/33 MP: 2/2
  1331 | D:2      | Reached ** piety under Trog
  1337 | D:2      | Found a faded altar of an unknown god.
  1717 | D:3      | Reached XP level 4. HP: 20/40 MP: 3/3
  2081 | D:3      | Found a transporter.
  2086 | D:3      | Found a transporter.
  2091 | D:3      | Noticed a hungry ghost
  2095 | D:3      | Noticed Menkaure
  2095 | D:3      | Found an ancient bone altar of Kikubaaqudgha.
  2095 | D:3      | Found a basalt altar of Yredelemnul.
  2105 | D:3      | Reached skill level 5 in Axes
  2108 | D:3      | Killed a hungry ghost
  2108 | D:3      | Reached XP level 5. HP: 47/47 MP: 4/4
  2110 | D:3      | Killed Menkaure
  2110 | D:3      | Reached skill level 5 in Fighting
  2110 | D:3      | Reached skill level 6 in Axes
  2110 | D:3      | Reached XP level 6. HP: 46/56 MP: 5/5
  2260 | D:3      | Noticed Bai's ghost (weakling MfIE)
  2292 | D:3      | Killed Bai's ghost
  2292 | D:3      | Reached skill level 5 in Armour
  2591 | D:3      | Found a snail-covered altar of Cheibriados.
  3058 | D:3      | Found a stormy altar of Qazlal.
  3339 | D:3      | Slain by an ogre

Skill      XL: |  1  2  3  4  5  6 |
---------------+-------------------+-----
Armour         | 3 4 5 |  5.2
Axes           | 4 5 6 |  6.8
Fighting       | 4 5 |  5.5
Dodging        | |  2.1

Action                   |  1- 3 |  4- 6 || total
-------------------------+-------+-------++-------
Melee: Hand axe          |    85 |    75 ||   160
       Headbutt          |    10 |    11 ||    21
Invok: Burn Spellbooks   |     1 |       ||     1
       Berserk           |       |     1 ||     1
 Stab: Sleeping          |     4 |     1 ||     5
  Eat: Chunk             |     2 |     3 ||     5
       Bread ration      |       |     1 ||     1
Armor: Animal skin       |    12 |    17 ||    29
Dodge: Dodged            |    52 |    56 ||   108
